 Dungeon Crawl Stone Soup version 0.18.1-6-gd335043 (webtiles) character file.

124 HungrySpirit the Cutter (level 5, 0/32 HPs)
             Began as a Halfling Artificer on May 18, 2016.
             Slain by an adder (2 damage)
             ... on level 2 of the Dungeon.
             The game lasted 00:04:28 (1930 turns).

HungrySpirit the Cutter (Halfling Artificer)        Turns: 1930, Time: 00:04:29

Health: 0/32       AC:  3    Str: 12    XL:     5   Next: 30%
Magic:  7/7        EV: 14    Int: 11    God:
Gold:   59         SH:  0    Dex: 15    Spells: 0 memorised, 4 levels left

rFire  . . .     SeeInvis .     a - +0 short sword
rCold  . . .     Gourm    .     b - +0 leather armour
rNeg   . . .     Faith    .     (shield restricted)
rPois  .         Spirit   .     (no helmet)
rElec  .         Dismiss  .     (no cloak)
rCorr  .         Reflect  .     (no gloves)
SustAt .         Harm     .     (no boots)
MR     .....                    (no amulet)
Stlth  ++........               (no ring)
                                (no ring)

@: lethally poisoned (0 -> -7), not resistant to hostile enchantments,
unstealthy
A: mutation resistance 1
a: no special abilities


You were on level 2 of the Dungeon.
You were very hungry.

You visited 1 branch of the dungeon, and saw 2 of its levels.

You collected 59 gold pieces.

Inventory:

Hand Weapons
 a - a +0 short sword (weapon)
Armour
 b - a +0 leather armour (worn)
Wands
 c - a wand of flame (0/48)
 d - a wand of enslavement (14/24)
 e - a wand of random effects (2/48)
Scrolls
 g - a scroll of noise {unknown}
 h - 3 scrolls of identify {unknown}
 j - a scroll of teleportation {unknown}
 l - a scroll of blinking {unknown}
 m - a scroll of recharging {unknown}
Potions
 i - a potion of curing {unknown}
 o - a potion of resistance {unknown}
Comestibles
 f - 2 bread rations
 k - a meat ration


   Skills:
 - Level 0.8 Fighting
 * Level 5.2 Short Blades
 - Level 2.1 Dodging
 - Level 1.1 Stealth
 + Level 3.9 Evocations


You had 4 spell levels left.
You didn't know any spells.

Dungeon Overview and Level Annotations

Branches:
Dungeon (2/15)

Altars:


Innate Abilities, Weirdness & Mutations

You are small and have problems with some larger weapons.
You are somewhat resistant to further mutation.


Message History

Aim: a gnoll, wielding a whip The puff of flame misses the gnoll.
This wand has 3 charges left.
Something bites you but does no damage.
Unknown command.
Evoke which item? (* to show all) (? for menu, Esc to quit)
Zapping:
e - a wand of random effects (3/48)
Press: ? - help, Shift-Dir - straight line, f/p - gnoll
Aim: a gnoll, wielding a whip Nothing appears to happen.
This wand has 2 charges left.
* * * LOW HITPOINT WARNING * * *
You feel sick. Something bites you but does no damage. Something bites you.
* * * LOW HITPOINT WARNING * * *
You are more poisoned.
Something poisons you!
Unknown command.
Unknown command.
Drink which item? (? for menu, Esc to quit)
It was a potion of cure mutation.
It has a very clean taste.
Something bites you.
You die...

#..########
#..........
##.######## # ##
#.# .%#.# #.#
#....# #.#
....<.##.#
.......#†########.#
.........g.@......#
.......############
......# .#...# ##.#
... ###


You could see a gnoll.

Vanquished Creatures
  Ijyb (D:2)
  A gnoll (D:2)
  6 adders (D:2)
  4 bats
  5 hobgoblins
  2 kobolds (D:2)
  A ball python (D:1)
  3 giant newts (D:1)
  4 goblins (D:1)
  9 rats
36 creatures vanquished.

Vanquished Creatures (collateral kills)
  A gnoll (D:2)
  A goblin (D:2)
  A kobold (D:2)
  A rat (D:2)
4 creatures vanquished.

Vanquished Creatures (others)
  A gnoll (D:2)
1 creature vanquished.

Grand Total: 41 creatures vanquished

Notes
Turn   | Place    | Note
--------------------------------------------------------------
     0 | D:1      | HungrySpirit the Halfling Artificer began the quest for the Orb.
     0 | D:1      | Reached XP level 1. HP: 12/12 MP: 3/3
    22 | D:1      | Reached skill level 2 in Short Blades
   189 | D:1      | Reached XP level 2. HP: 18/18 MP: 4/4
   927 | D:1      | Reached skill level 3 in Short Blades
  1050 | D:2      | Reached XP level 3. HP: 17/22 MP: 5/5
  1068 | D:2      | Noticed Ijyb
  1088 | D:2      | Killed Ijyb
  1088 | D:2      | Reached skill level 4 in Short Blades
  1088 | D:2      | Reached XP level 4. HP: 16/27 MP: 6/6
  1470 | D:2      | Reached XP level 5. HP: 16/32 MP: 7/7
  1629 | D:2      | Reached skill level 5 in Short Blades
  1930 | D:2      | Slain by an adder

Skill      XL: |  1  2  3  4  5 |
---------------+----------------+-----
Short Blades   | 2 3 4 5 |  5.2
Fighting       | |  0.8
Dodging        | |  2.1
Stealth        | |  1.1
Evocations     | |  3.9

Action                   |  1- 3 |  4- 6 || total
-------------------------+-------+-------++-------
Melee: Short sword       |    72 |    67 ||   139
Evoke: Wand              |    14 |    15 ||    29
  Use: Potion            |       |     1 ||     1
 Stab: Sleeping          |       |     1 ||     1
  Eat: Chunk             |       |     2 ||     2
Armor: Leather armour    |    18 |    14 ||    32
Dodge: Dodged            |    75 |    45 ||   120
